 Dungeon Crawl Stone Soup version 0.27.0-1-g7a08968 (webtiles) character file.

Game seed: 11725437891019771636

913 thesequoiad the Shield-Bearer (level 7, -8/64 HPs)
             Began as a Minotaur Fighter on Aug 14, 2021.
             Mangled by Pikel (15 damage)
             ... on level 4 of the Dungeon.
             The game lasted 00:08:32 (3069 turns).

thesequoiad the Shield-Bearer (Minotaur Fighter)    Turns: 3069, Time: 00:08:33

Health: -8/64      AC: 11    Str: 30    XL:     7   Next: 82%
Magic:  15/15      EV:  8    Int:  5    God:
Gold:   169        SH: 11    Dex:  7    Spells: 6/6 levels left

rFire    + . .     SeeInvis .   g - +5 mace "Ammaapue" {vorpal, rF+ rCorr MP+9 Str+7 Dex-2}
rCold    . . .     Faith    .   c - +0 kite shield
rNeg     + . .     Spirit   .   m - +1 scale mail {rN+}
rPois    .         Reflect  .   (helmet restricted)
rElec    .         Harm     .   t - +2 cloak {Will+}
rCorr    +         Rampage  .   (no gloves)
Will     +....                  (no boots)
Stlth    ..........             (no amulet)
HPRegen  0.20/turn              (no ring)
MPRegen  0.14/turn              (no ring)

@: no status effects
A: horns 2, retaliatory headbutt
a: no special abilities


You were on level 4 of the Dungeon.
You visited 1 branch of the dungeon, and saw 4 of its levels.

You collected 169 gold pieces.

Inventory:

Hand Weapons
 a - a +0 war axe
 g - the +5 mace "Ammaapue" (weapon) {vorpal, rF+ rCorr MP+9 Str+7 Dex-2}
   (You found it on level 4 of the Dungeon)

   It inflicts extra damage upon your enemies.
   Str:       It affects your strength (+7).
   Dex:       It affects your dexterity (-2).
   rF:        It protects you from fire.
   MP:        It affects your magic capacity (+9).
   rCorr:     It protects you from acid and corrosion.
 l - a +0 dagger of venom
Armour
 c - a +0 kite shield (worn)
 m - a +1 scale mail of positive energy (worn)
 t - a +2 cloak of willpower (worn)
Wands
 b - a wand of paralysis (8)
Scrolls
 d - a scroll of fog {unknown}
 o - a scroll of magic mapping {unknown}
 p - a scroll of enchant weapon {unknown}
 s - a scroll of summoning {unknown}
Potions
 f - a potion of ambrosia
 h - a potion of haste
 i - a potion of brilliance {unknown}
 j - a potion of resistance
 k - 2 potions of lignification {unknown}
 q - a potion of mutation {unknown}
 r - a potion of berserk rage {unknown}


   Skills:
 + Level 6.8 Fighting
 + Level 6.2 Axes
 - Level 3.6 Armour
 * Level 7.8 Shields


You had 6 spell levels left.
You didn't know any spells.
Your spell library contained the following spells:

 Spells                   Type           Power      Damage    Failure   Level
 Freeze                   Ice            0%         1d3       95%         1
 Frozen Ramparts          Ice            0%         1d2       100%        3
 Hailstorm                Conj/Ice       0%         3d3       100%        4


Dungeon Overview and Level Annotations

Branches:
Dungeon (4/15)
 Temple: D:4-7

Altars:

Annotations:
D:4 Pikel


Innate Abilities, Weirdness & Mutations

You have a pair of horns on your head.
You reflexively headbutt those who attack you in melee.


Message History

You block the lemure's attack. x2
You hit Pikel but do no damage. Your headbutt misses Pikel.
The lemure barely misses you. You furiously retaliate!
You headbutt the lemure! Pikel barely misses you. The lemure hits you.
You completely miss Pikel. Your headbutt misses Pikel.
You block Pikel's attack. The lemure barely misses you.
You furiously retaliate!
You headbutt the lemure, but do no damage.
You hit Pikel but do no damage. You headbutt Pikel.
Pikel is lightly wounded.
Pikel hits you with a +0 whip of electrocution.
You block the lemure's attack. Pikel hits you but does no damage.
You are electrocuted!
The lemure hits you.
You sock Pikel! Your headbutt misses Pikel.
Pikel is moderately wounded.
You are no longer corroded.
Pikel hits you with a +0 whip of electrocution.
You are electrocuted!
The lemure hits you.
You hit Pikel.
Pikel is heavily wounded.
Pikel waves his whip at you. You block Pikel's attack.
You block the lemure's attack.
You hit Pikel. Your headbutt misses Pikel.
Pikel is heavily wounded.
You block Pikel's attack. The lemure hits you but does no damage.
Pikel hits you but does no damage.
You are electrocuted!!
* * * LOW HITPOINT WARNING * * *
The lemure hits you but does no damage.
Unknown command.
You are too injured to fight recklessly!
You feel better. Pikel hits you but does no damage.
You block the lemure's attack.
Aiming: Paralyse
Press: ? - help, Shift-Dir - straight line, f - lemure
Aim: a lemure (lightly wounded, chance to affect: 46%)
The lemure resists with some effort.
Pikel hits you with a +0 whip of electrocution.
* * * LOW HITPOINT WARNING * * *
You are electrocuted!
You die...

.........#.#
.........#.#
........5#.#
########.#.#
#.#5# #.#5#
#.#5# #.#K#
#.5@# #####


You could see Pikel and 4 lemures.

Vanquished Creatures
  Grinder (D:3)
  Sigmund (D:2)
  Edmund (D:4)
  A water moccasin (D:3)
  A scorpion (D:4)
  A jelly (D:4)
  Crazy Yiuf (D:4)
  An iguana (D:3)
  Terence (D:2)
  Natasha (twice) (D:3)
  A gnoll (D:1)
  4 adders
  A worm (D:2)
  A dart slug (D:1)
  An orc (D:3)
  8 endoplasms
  3 giant cockroaches
  5 goblins
  8 hobgoblins
  8 jackals
  3 quokkas (D:2)
  6 ball pythons
  9 bats
  5 frilled lizards
  3 kobolds
  4 rats
81 creatures vanquished.

Notes
Turn   | Place    | Note
-------+----------+-------------------------------------------
     0 | D:1      | thesequoiad the Minotaur Fighter began the quest for the
                  | Orb.
     0 | D:1      | Reached XP level 1. HP: 19/19 MP: 0/0
   106 | D:1      | Reached XP level 2. HP: 27/27 MP: 1/1
   275 | D:1      | Reached skill level 4 in Shields
   370 | D:1      | Reached XP level 3. HP: 29/33 MP: 2/2
   607 | D:1      | Found a faded altar of an unknown god.
   766 | D:2      | Noticed Sigmund
   831 | D:2      | Killed Sigmund
   832 | D:2      | Reached skill level 5 in Fighting
   832 | D:2      | Reached skill level 5 in Shields
   832 | D:2      | Reached XP level 4. HP: 42/42 MP: 3/3
   832 | D:2      | Reached XP level 5. HP: 48/48 MP: 4/4
   876 | D:2      | Noticed Terence
   884 | D:2      | Killed Terence
  1259 | D:2      | Reached XP level 6. HP: 50/56 MP: 5/5
  1964 | D:3      | Noticed Natasha
  1972 | D:3      | Killed Natasha
  1973 | D:3      | Reached skill level 5 in Axes
  2005 | D:3      | Noticed Grinder
  2020 | D:3      | Killed Grinder
  2021 | D:3      | Reached skill level 6 in Shields
  2021 | D:3      | Reached XP level 7. HP: 50/63 MP: 6/6
  2530 | D:3      | Reached skill level 7 in Shields
  2606 | D:3      | Noticed Natasha
  2619 | D:3      | Killed Natasha
  2863 | D:4      | Found a runed translucent door.
  2864 | D:4      | Noticed Crazy Yiuf
  2870 | D:4      | Killed Crazy Yiuf
  2888 | D:4      | Identified the +5 mace "Ammaapue" {vorpal, rF+ rCorr MP+9
                  | Str+7 Dex-2}
  2983 | D:4      | Noticed Edmund
  2992 | D:4      | Killed Edmund
  3054 | D:4      | Noticed Pikel
  3067 | D:4      | HP: 3/64 [Pikel (18)]
  3069 | D:4      | Mangled by Pikel

Illustrated notes

Levels and vault maps discovered:
D:1:      lightli_arrival_lavapool, layout_basic,
          hellmonk_ecumenical_altar_lost_god, minmay_misc_feat_room
D:2:      layout_loops_ring, st_stairs_5, uniq_sigmund, uniq_terence
D:3:      layout_loops_cross, minmay_cut_off, uniq_natasha, uniq_grinder
D:4:      layout_basic, abandoned_shop, hangedman_decor_growths,
          kennysheep_cross_room, uniq_menkaure, uniq_pikel,
          uniq_crazy_yiuf_cottage, uniq_duvessa, uniq_edmund

Skill      XL: |  1  2  3  4  5  6  7 |
---------------+----------------------+-----
Shields        | 4 5 6 7 |  7.8
Fighting       | 4 5 6 |  6.8
Axes           | 3 4 5 6 |  6.2
Armour         | |  3.6

Action                   |  1- 3 |  4- 6 |  7- 9 || total
-------------------------+-------+-------+-------++-------
Melee: War axe           |    66 |   102 |    37 ||   205
       Headbutt          |     8 |    12 |     9 ||    29
       Mace              |       |       |    22 ||    22
Evoke: Wand              |       |       |     1 ||     1
  Use: Potion            |     1 |       |     3 ||     4
       Scroll            |       |     1 |     4 ||     5
 Stab: Invisible         |       |       |     5 ||     5
Armor: Scale mail        |    31 |    41 |    22 ||    94
Dodge: Dodged            |    27 |    20 |    22 ||    69
Block: Kite shield       |    35 |    57 |    44 ||   136
